 Seeded DCSS version 0.29.1-15-g9cfb28693d (webtiles) character file.

Game seed: 9529714651559989746 (custom seed)

45 Psyclone the Firebug (level 3, 19/19 HPs)
             Began as a Deep Elf Fire Elementalist on Sept 21, 2023.
             Quit the game on level 1 of the Dungeon.
             The game lasted 00:03:21 (1438 turns).

Psyclone the Firebug (Deep Elf Fire Elementalist)   Turns: 1438, Time: 00:03:22

Health: 19/19      AC:  2    Str:  5    XL:     3   Next: 42%
Magic:  9/9        EV: 12    Int: 21    God:
Gold:   49         SH:  0    Dex: 15    Spells: 5/8 levels left

rFire   . . .      SeeInvis .   (no weapon)
rCold   . . .      Faith    .   (no shield)
rNeg    . . .      Spirit   .   a - +0 robe
rPois   +          Reflect  .   (no helmet)
rElec   .          Harm     .   (no cloak)
rCorr   .          Rampage  .   (no gloves)
Will    .....                   (no boots)
Stlth   ++........              (no amulet)
HPRegen 0.06/turn               f - ring of poison resistance
MPRegen 0.11/turn               (no ring)

@: no status effects
A: no striking features
a: no special abilities


You were on level 1 of the Dungeon.
You visited 1 branch of the dungeon, and saw 1 of its levels.

You collected 49 gold pieces.

Inventory:

Armour
 a - a +0 robe (worn)
Jewellery
 f - a ring of poison resistance (left hand)
Scrolls
 c - 2 scrolls of identify {unknown}
 g - a scroll of fear {unknown}
 h - 2 scrolls of acquirement
 i - 2 scrolls of poison {unknown}
 j - a scroll of noise {unknown}
Potions
 b - a potion of magic
 d - 2 potions of degeneration {unknown}
 e - a potion of invisibility {unknown}


   Skills:
 - Level 2.4 Dodging
 - Level 2.4 Stealth
 - Level 3.0 Spellcasting
 - Level 1.1 Conjurations
 + Level 4.5 Fire Magic
 * Level 1.7 Poison Magic


You had 5 spell levels left.
You knew the following spells:

 Your Spells              Type           Power      Damage    Failure   Level
a - Foxfire               Conj/Fire      60%        2x1d7     4%          1
v - Poisonous Vapours     Pois/Air       12%        N/A       14%         2

Your spell library contained the following spells:

 Spells                   Type           Power      Damage    Failure   Level
 Scorch                   Fire           44%        2d7       3%          2
 Sting                    Tmut/Pois      24%        1d4       10%         1
 Conjure Flame            Conj/Fire      15%        6-21      13%         3
 Inner Flame              Hex/Fire       12%        N/A       16%         3
 Flame Wave               Conj/Fire      15%        2d7       38%         4
 Olgreb's Toxic Radiance  Pois           10%        N/A       54%         4


Dungeon Overview and Level Annotations

Branches:
Dungeon (1/15) Zot: 4562

Altars:

Shops:
D:1 *


Message History

Casting: Foxfire (safe; 4% risk of failure)
Confirm with . or Enter, or press ? or * to list all spells.
You don't have enough magic to cast this spell.
Casting: Foxfire (safe; 4% risk of failure)
Confirm with . or Enter, or press ? or * to list all spells.
You don't have enough magic to cast this spell.
The foxfire hits the dart slug.
The dart slug is severely wounded.
The foxfire hits the dart slug.
You kill the dart slug!
You start resting.
HP restored.
A giant cockroach comes into view.
Health restored: 19
Casting: Foxfire (safe; 4% risk of failure)
Confirm with . or Enter, or press ? or * to list all spells.
You don't have enough magic to cast this spell.
There is an open door here.
There is an open door here.
Casting: Foxfire (safe; 4% risk of failure)
Confirm with . or Enter, or press ? or * to list all spells.
You conjure some foxfire!
You now have 0/9 mp.
Your foxfire dissipates! x2
You start resting.
Magic restored.
MP restored: 9
There is an open door here.
There is an open door here.
i - 2 scrolls labelled GUOLUSE BUYXA
Things that are here:
a +0 club; a bat corpse
j - a scroll labelled WEETTI PAKEMYETIA You see here an orb of mayhem.
You now have 49 gold pieces (gained 17).
Found Balubi's Assorted Antiques.
There is an entrance to Balubi's Assorted Antiques here.
You can access your shopping list by pressing '$'.
This is a scroll of acquirement!
Something appears at your feet!
Are you sure you want to abandon this character and quit the game? (Confirm with "yes".)

..# #.......## #.#....#[## ..##
##........# ###.#....#.##
...###.........# ##.........#..
.......÷.......# ###..#......#.##
.............#.###...##..........
##.#..###.###.....♣.###......##..
#.##..###†# #.#.♣.∩.♣ #.........#
....##....###+#...♣####......####
.##..#..........@....#####...#
.##.#................# #...#
....##.##............# #####
##.#...##...##########
#.##....(..## ....##....##
.##..###### .##.#.# †...###


There were no monsters in sight!

Vanquished Creatures
  2 dart slugs (D:1)
  6 bats (D:1)
  2 endoplasms (D:1)
  2 goblins (D:1)
  5 hobgoblins (D:1)
  4 jackals (D:1)
  3 kobolds (D:1)
  2 quokkas (D:1)
  4 ball pythons (D:1)
  A frilled lizard (D:1)
  6 rats (D:1)
37 creatures vanquished.

Vanquished Creatures (others)
  127 foxfires (D:1)
127 creatures vanquished.

Grand Total: 164 creatures vanquished

Notes
Turn   | Place    | Note
-------+----------+-------------------------------------------
     0 | D:1      | Psyclone the Deep Elf Fire Elementalist began the quest for
                  | the Orb.
     0 | D:1      | Reached XP level 1. HP: 10/10 MP: 6/6
   414 | D:1      | Reached skill level 4 in Fire Magic
   414 | D:1      | Reached XP level 2. HP: 15/15 MP: 2/8
   546 | D:1      | Learned a level 2 spell: Poisonous Vapours
   948 | D:1      | Reached skill level 1 in Poison Magic
   977 | D:1      | Reached XP level 3. HP: 19/19 MP: 2/9
  1427 | D:1      | Found Balubi's Assorted Antiques.
  1437 | D:1      | Identified 3 scrolls of acquirement
  1437 | D:1      | Acquired a +4 ring of slaying
  1438 | D:1      | Quit the game

Illustrated notes

Levels and vault maps discovered:
D:1:      minmay_arrival_four_circles, layout_basic, serial_shops,
          nicolae_shop_trees, nicolae_eternal_life, st_stairs_1,
          minmay_small_reverse_x

Skill      XL: |  1  2 |
---------------+-------+-----
Fire Magic     | 4 |  4.5
Poison Magic   | 1 |  1.7
Dodging        | |  2.4
Stealth        | |  2.4
Spellcasting   | |  3.0
Conjurations   | |  1.1

Action                   || total
-------------------------++-------
 Cast: Foxfire           ||    78
  Use: Scroll            ||     1
Armor: Robe              ||     4
Dodge: Dodged            ||    21
